 Dungeon Crawl Stone Soup version 0.19.1 (console) character file.

1280 Kloppie the Spear-Bearer (level 8, -2/67 HPs)
             Began as a Merfolk Berserker on Dec 3, 2016.
             Was a Priest of Trog.
             Slain by an unseen horror (11 damage)
             ... on level 5 of the Dungeon.
             The game lasted 00:07:22 (4514 turns).

Kloppie the Spear-Bearer (Merfolk Berserker)        Turns: 4514, Time: 00:07:23

Health: -2/67      AC:  4    Str: 22    XL:     8   Next: 54%
Magic:  8/8        EV: 13    Int: 10    God:    Trog [***...]
Gold:   214        SH:  0    Dex: 15    Spells: 0 memorised, 7 levels left

rFire  . . .     SeeInvis .     a - +3 trident (pierce)
rCold  . . .     Gourm    .     b - +0 animal skin
rNeg   . . .     Faith    .     (no shield)
rPois  .         Spirit   .     l - +0 helmet
rElec  .         Reflect  .     (no cloak)
rCorr  .         Harm     .     (no gloves)
MR     ++...                    h - +0 pair of boots (curse)
Stlth  +.........               (no amulet)
                                y - +3 ring of intelligence
                                (no ring)

@: mighty, exhausted, regenerating, slowed, very slow
A: change form in water, swift swim, stealthy swim
a: Berserk, Trog's Hand, Burn Spellbooks, Renounce Religion


You were on level 5 of the Dungeon.
You worshipped Trog.
Trog was most pleased with you.
You were not hungry.

You visited 1 branch of the dungeon, and saw 6 of its levels.

You collected 228 gold pieces.
You spent 14 gold pieces at shops.

Inventory:

Hand Weapons
 a - a +3 trident of piercing (weapon)
 e - a +1 spear
Armour
 b - a +0 animal skin (worn)
 h - a cursed +0 pair of boots (worn)
 l - a +0 helmet (worn)
Jewellery
 j - an uncursed ring of ice
 k - an uncursed ring of ice
 u - an uncursed ring of poison resistance {unknown}
 y - a +3 ring of intelligence (right hand)
 B - an uncursed ring of fire
Wands
 C - a wand of flame (13/48)
Scrolls
 f - 4 scrolls of noise
 m - 2 scrolls of teleportation
 n - a scroll of enchant weapon
 o - 2 scrolls of recharging
 q - 2 scrolls of remove curse
 r - a scroll of magic mapping
Potions
 d - a potion of curing
 g - 3 potions of lignification {unknown}
 i - 2 potions of berserk rage {unknown}
 s - a potion of haste
 z - a potion of flight {unknown}
 D - 2 potions of magic {unknown}
Comestibles
 c - 4 bread rations
 v - 2 beef jerkies
 A - 2 slices of pizza


   Skills:
 + Level 7.1 Fighting
 * Level 12.2 Polearms
 - Level 1.3 Armour
 - Level 2.6 Dodging


You had 7 spell levels left.
You didn't know any spells.

Dungeon Overview and Level Annotations

Branches:
Dungeon (6/15)             Temple (0/1) D:5

Altars:
Fedhas
Gozag
Hepliaklqana
Nemelex Xobeh
Trog
Yredelemnul
Zin

Shops:
D:5 !


Message History

You are exhausted.
You feel yourself slow down. Something hits you.
* * * LOW HITPOINT WARNING * * *
You climb upwards.
There is a stone staircase leading down here.
Your skin crawls.
You feel resistant to hostile enchantments.
You feel quite a bit more hungry. Something hits you but does no damage.
You feel very mighty all of a sudden. Something hits you!
* * * LOW HITPOINT WARNING * * *
Something hits you!
* * * LOW HITPOINT WARNING * * *
Something hits you!
* * * LOW HITPOINT WARNING * * *
Something hits you!
* * * LOW HITPOINT WARNING * * *
There is a stone staircase leading down, spattered with blood here.
Something hits you!
You die...

#.# ###.#.#..##............ #.#
#......................
#.#####.##....####....(......
#.#...........# ##..........
#.#.##.....##.# #...........
#####.#.##.....#..####.#.........
........##....##.......##........
....#.####..#############...##...
...#...# #..####@### ###....##...
...#...###..##8...8###......##...
...#>..##...##.....##............
............#8.....8#..##..###...
.......#######.....######..# #...
..8#...# #8...8# ##.# #...
...#...#### #.....# #.# #...
##.....[..###8.....8 #.# #...
#∩.#####...##.....## ### ####


There were no monsters in sight!

Vanquished Creatures
  Grinder (D:3)
  A hungry ghost (D:5)
  An ice beast (D:6)
  A phantom (D:5)
  The ghost of Khoristo the Skirmisher, an amateur DsWn (D:5)
  4 killer bees
  A howler monkey (D:4)
  A crimson imp (D:6)
  2 orc priests
  3 hounds (D:4)
  2 orc wizards
  2 worker ants
  Terence (D:2)
  2 howler monkey skeletons
  3 adders
  An ooze (D:1)
  An adder skeleton (D:6)
  A worm (D:2)
  3 dart slugs
  6 leopard geckos
  15 orcs
  9 giant cockroaches
  2 goblins (D:1)
  12 hobgoblins
  11 jackals
  4 kobolds
  3 quokkas
  A ball python (D:3)
  5 bats
  5 frilled lizards
  A quokka skeleton (D:5)
  5 rats
111 creatures vanquished.

Notes
Turn   | Place    | Note
-------+----------+-------------------------------------------
     0 | D:1      | Kloppie the Merfolk Berserker began the quest for the Orb.
     0 | D:1      | Reached XP level 1. HP: 18/18 MP: 1/1
   120 | D:1      | Reached skill level 5 in Polearms
   120 | D:1      | Reached XP level 2. HP: 24/24 MP: 2/2
   425 | D:1      | Reached XP level 3. HP: 25/30 MP: 3/3
   892 | D:2      | Found a basalt altar of Yredelemnul.
   915 | D:2      | Reached skill level 6 in Polearms
  1016 | D:2      | Reached ** piety under Trog
  1025 | D:2      | Noticed Terence
  1036 | D:2      | Killed Terence
  1036 | D:2      | Reached XP level 4. HP: 37/37 MP: 4/4
  1058 | D:2      | Found a bloodstained altar of Trog.
  1590 | D:3      | Noticed Grinder
  1611 | D:4      | Reached skill level 7 in Polearms
  1611 | D:4      | Reached XP level 5. HP: 31/43 MP: 5/5
  1868 | D:4      | Reached skill level 8 in Polearms
  1887 | D:4      | Found a hazy altar of Hepliaklqana.
  1891 | D:4      | Reached skill level 5 in Fighting
  1891 | D:4      | Reached XP level 6. HP: 34/51 MP: 6/6
  2604 | D:4      | Noticed an angel
  2605 | D:4      | Found a glowing silver altar of Zin.
  2650 | D:4      | Reached *** piety under Trog
  2691 | D:3      | Reached skill level 9 in Polearms
  2776 | D:3      | Killed Grinder
  2776 | D:3      | Reached XP level 7. HP: 57/57 MP: 7/7
  2846 | D:3      | Reached skill level 10 in Polearms
  3247 | D:5      | Entered Level 5 of the Dungeon
  3247 | D:5      | Found a staircase to the Ecumenical Temple.
  3343 | D:4      | HP: 2/58 [poisoned by a killer bee]
  3712 | D:5      | Found a blossoming altar of Fedhas.
  3741 | D:5      | Noticed a hungry ghost
  3762 | D:5      | Killed a hungry ghost
  3762 | D:5      | Reached skill level 11 in Polearms
  3762 | D:5      | Reached XP level 8. HP: 55/65 MP: 8/8
  3839 | D:5      | Found Lethrykko's Distillery.
  3847 | D:5      | Bought a potion of degeneration for 14 gold pieces
  3884 | D:5      | Found an opulent altar of Gozag.
  3971 | D:5      | Found a blossoming altar of Fedhas.
  3971 | D:5      | Found a sparkling altar of Nemelex Xobeh.
  4147 | D:5      | Noticed Khoristo's ghost (amateur DsWn)
  4153 | D:5      | Killed Khoristo's ghost
  4501 | D:6      | Reached skill level 12 in Polearms
  4514 | D:5      | Slain by an unseen horror

Skill      XL: |  1  2  3  4  5  6  7  8 |
---------------+-------------------------+-----
Polearms       | 5 6 7 8 9 11 12 | 12.2
Fighting       | 4 5 6 7 |  7.1
Armour         | |  1.3
Dodging        | |  2.6

Action                   |  1- 3 |  4- 6 |  7- 9 || total
-------------------------+-------+-------+-------++-------
Melee: Spear             |   126 |   214 |       ||   340
       Trident           |       |     6 |   129 ||   135
Invok: Berserk           |     2 |     4 |     2 ||     8
       Trog's Hand       |       |       |     2 ||     2
  Use: Scroll            |       |    12 |     2 ||    14
       Potion            |       |       |     2 ||     2
 Stab: Sleeping          |     1 |     2 |     2 ||     5
       Distracted        |     1 |       |     1 ||     2
  Eat: Chunk             |     1 |    10 |     6 ||    17
       Meat ration       |       |       |     1 ||     1
Armor: Animal skin       |    11 |    21 |    25 ||    57
Dodge: Dodged            |    64 |    99 |    44 ||   207
